 Dungeon Crawl Stone Soup version 0.29.1-debian-1-gc3f1650bb9 (webtiles) character file.

Game seed: 2292211353288621467

128 ytrimaz the Trooper (level 4, -1/57 HPs)
             Began as a Demonspawn Gladiator on Sept 12, 2022.
             Slain by a kobold
             ... wielding a +0 whip of electrocution
              (8 damage)
             ... on level 4 of the Dungeon.
             The game lasted 00:03:49 (2128 turns).

ytrimaz the Trooper (Demonspawn Gladiator)          Turns: 2128, Time: 00:03:49

Health: -1/57      AC: 22    Str: 16    XL:     4   Next: 87%
Magic:  4/4        EV:  2    Int: 10    God:
Gold:   121        SH:  0    Dex: 14    Spells: 3/3 levels left

rFire   . . .      SeeInvis .   a - +0 war axe
rCold   . . .      Faith    .   (no shield)
rNeg    . . .      Spirit   .   (body armour currently unavailable)
rPois   +          Reflect  .   (helmet currently unavailable)
rElec   .          Harm     .   (cloak currently unavailable)
rCorr   .          Rampage  .   (gloves currently unavailable)
Will    .....      NoTele   +   (boots currently unavailable)
Stlth   +.........              h - amulet of the acrobat
HPRegen 0.19/turn               (no ring)
MPRegen 0.09/turn               (no ring)

@: tree-form
A: stationary, stasis, torment immunity, boosted hp, powered by death 1, (sharp
scales 1), (weakness stinger 1)
a: no special abilities


You were on level 4 of the Dungeon.
You were a tree.
You visited 1 branch of the dungeon, and saw 4 of its levels.

You collected 121 gold pieces.


Innate Abilities, Weirdness & Mutations

You are a tree.
Your roots penetrate the ground, keeping you stationary.
You cannot be teleported.
You are immune to unholy pain and torment.
Your maximum health is greatly increased.
Your equipment is partially melded.
You regenerate a little health from kills.
((You are partially covered in razor-sharp scales. (AC +1, Slay +1)))
((You have a small tail.))


   Skills:
 * Level 4.3 Fighting
 + Level 3.6 Axes
 - Level 1.7 Throwing
 - Level 2.6 Dodging


You had 3 spell levels left.
You didn't know any spells.
Your spell library contained the following spells:

 Spells                   Type           Power      Damage    Failure   Level
 Fireball                 Conj/Fire      0%         3d3       100%        5
 Starburst                Conj/Fire      0%         6d3       100%        6
 Ignition                 Fire           0%         3d3       100%        8

Inventory:

Hand Weapons
 a - a +0 war axe (weapon)
Missiles
 d - 3 throwing nets (quivered)
 e - a javelin
Armour
 b - a +0 leather armour (melded)
 c - a +0 helmet (melded)
 m - a +0 pair of boots (melded)
   (You found it on level 1 of the Dungeon)
Jewellery
 h - an amulet of the acrobat (around neck)
   (You found it on level 1 of the Dungeon)
Scrolls
 g - a scroll of silence
Potions
 i - a potion of magic
 l - a potion of mutation
 o - a potion of curing
 p - a potion of cancellation {unknown}

Dungeon Overview and Level Annotations

Branches:
Dungeon (4/15) Zot: 21827  Temple (0/1) D:4

Altars:
Fedhas

*** ##***********,******
#.,,,,,,,,,,,,,,,,,,
#.*********,*,,,,,,, #.*
**,,,****, *** #.* **,#* *,
**,######.##### *.#*###,
*,,......lK♣..# #####.#....,
*****,,.#########.###..........,
**,,,,*,,,,.........<......#,***,
,,,,,*,,,**#######.###.#####,***,
**,,,*,,,* #.# #.# *,**,,
**,**,,,* #.# #.# *,**,, *,,,,,,*
#.# #.# *,**,, ****,*,* #.#
#.#****,,*,, *,*,* #.#
#.#*,,,,,,,,


You could see an iguana and a kobold.


Message History

A goblin is nearby!
A goblin is nearby!
You hit the goblin.
You kill the goblin!
You see here a +0 dagger.
No target in view!
Unknown command.
Key pressed, stopping explore.
You see here a dart slug corpse.
Key pressed, stopping explore.
A goblin comes into view. It is wielding a +0 dagger.
You see here a hobgoblin corpse.
A goblin is nearby!
A goblin is nearby!
A goblin is nearby!
The goblin shouts!
You barely miss the goblin. The goblin hits you but does no damage.
You hit the goblin but do no damage.
The goblin hits you with a +0 dagger. 😕 HP[-3]
You take 3 damage, and now have 35/38 hp.
You hit the goblin.
You kill the goblin! 😕 HP[+2]
You regained 2 hp, and now have 37/38 hp.
No target in view!
There is an open door here.
Key pressed, stopping explore.
No target in view! 😎 HP[+1]
Your hp is fully restored (38).
Key pressed, stopping explore.
Done exploring.
Done exploring.
Done exploring.
No target in view!
Done exploring.
Done exploring.
No target in view!
Done exploring.
There is an open door here.
There is a stone staircase leading down here.
You climb downwards.
There is a stone staircase leading up here.
As you read the scroll labelled YSUWNEAMAD, it crumbles to dust.
You feel aware of your surroundings.
It was a scroll of magic mapping.
Unknown command.
Blink to where?
Press: ? - help, Dir - move target, f - you Are you sure you want to cancel this blink? [Y]es or [N]o only, please.
Are you sure you want to cancel this blink? [Y]es or [N]o only, please.
Are you sure you want to cancel this blink?
Blink to where?
Press: ? - help, Dir - move target
As you read the scroll labelled JETWYF BAPU, it crumbles to dust.
It was a scroll of blinking.
There is a stone staircase leading up here.
An iguana comes into view.
The iguana hisses angrily.
An iguana is nearby!
An iguana is nearby!
A kobold comes into view.
It is wielding a +0 whip of electrocution.
The iguana misses you.
You hit the iguana.
Your tail-slap misses the iguana.
The kobold shouts!
The iguana barely misses you.
You completely miss the iguana.
The kobold throws a stone.
The stone barely misses you. The iguana bites you! 😮 HP[-10]
You take 10 damage, and now have 28/38 hp.
MASSIVE DAMAGE!! (PAUSE)
You slash the iguana! The iguana bites you.
The kobold throws a stone.
The stone closely misses you. 😮 HP[-3]
You take 3 damage, and now have 25/38 hp.
You are too injured to fight recklessly!
You slash the iguana! The iguana bites you. x2
* * * LOW HITPOINT WARNING * * *
The kobold hits you but does no damage.
You are electrocuted!
* * * LOW HITPOINT WARNING * * *
😱 HP[-24]
You take 24 damage, and now have 1/38 hp.
MASSIVE DAMAGE!! (PAUSE)
Okay, then.
Okay, then.
Really quaff the potion of lignification?
You turn into a tree.
Your +0 helmet melds into your body.
Your +0 pair of boots melds into your body.
Your +0 leather armour melds into your body.
Your roots penetrate the ground.
The kobold hits you but does no damage. 😱 HP[+1]
You now have 57 max hp (+19).
Unknown command.
It was a potion of curing.
You feel better.
The kobold hits you with a +0 whip of electrocution.
* * * LOW HITPOINT WARNING * * *
You are electrocuted!
You die...

Skill      XL: |  1  2  3  4 |
---------------+-------------+-----
Axes           | 3 |  3.6
Fighting       | 3 4 |  4.3
Throwing       | |  1.7
Dodging        | |  2.6

Action                   |  1- 3 |  4- 6 || total
-------------------------+-------+-------++-------
Melee: War axe           |    74 |    41 ||   115
       Punch             |     2 |       ||     2
       Tailslap          |       |     2 ||     2
  Use: Scroll            |     7 |     3 ||    10
       Potion            |       |     2 ||     2
 Stab: Sleeping          |     1 |       ||     1
Armor: Leather armour    |    20 |    14 ||    34
       Skin              |       |     1 ||     1
Dodge: Dodged            |    78 |    27 ||   105

Levels and vault maps discovered:
D:1:      ebering_trefoil_3fold, layout_rooms,
          shapermc_ecumenical_altar_hornbeckon
D:2:      layout_basic, serial_shops, nicolae_shop_hallway_stairs,
          nicolae_shop_statue_plus, shop, nicolae_shop_statue_plus, shop_statue
D:3:      layout_loops_corners, nicolae_overflow_ecumenical_swirl,
          minmay_misc_feat_ornament, minmay_increasing_density
D:4:      layout_loops_ring, minmay_temple_entry_waves

Notes
Turn   | Place    | Note
-------+----------+-------------------------------------------
     0 | D:1      | ytrimaz the Demonspawn Gladiator began the quest for the
                  | Orb.
     0 | D:1      | Reached XP level 1. HP: 16/16 MP: 1/1
     0 | D:1      | magus.rc [v1.9.6]
   140 | D:1      | Gained mutation: You are partially covered in razor-sharp
                  | scales. (AC +1, Slay +1) [demonic ancestry]
   140 | D:1      | Reached XP level 2. HP: 23/23 MP: 2/2
   276 | D:1      | Reached skill level 3 in Axes
   364 | D:1      | Reached skill level 3 in Fighting
   564 | D:1      | Found a faded altar of an unknown god.
   642 | D:2      | Gained mutation: You regenerate a little health from kills.
                  | [demonic ancestry]
   642 | D:2      | Reached XP level 3. HP: 22/29 MP: 3/3
   700 | D:2      | You fall into a shaft and drop 1 floor!
   896 | D:3      | You pick up a book of Fire and begin reading...
   896 | D:3      | You add the spells Fireball, Starburst and Ignition to your
                  | library.
   898 | D:3      | Found a faded altar of an unknown god.
   907 | D:3      | Found a blossoming altar of Fedhas.
   964 | D:3      | HP: 6/29 [orc priest/nerve-wracking pain (13)]
   966 | D:3      | Gained mutation: You have a small tail. [demonic ancestry]
   966 | D:3      | Reached XP level 4. HP: 7/37 MP: 4/4
  1391 | D:3      | Reached skill level 4 in Fighting
  2125 | D:4      | HP: 1/38 [kobold/+0 whip of electrocution (17)]
  2128 | D:4      | Slain by a kobold

Vanquished Creatures
  An orc priest (D:3)
  4 adders
  3 dart slugs
  7 orcs (D:3)
  A ball python (D:1)
  3 bats
  4 endoplasms
  2 giant cockroaches (D:1)
  7 goblins
  5 hobgoblins
  2 kobolds
  3 quokkas
  2 frilled lizards
  4 rats
48 creatures vanquished.

Table legend:
 A = Non-vault XP
 B = Vault XP
 C = Vault XP percentage of total XP
 D = Non-vault monster count
 E = Vault monster count
 F = Vault count percentage of total count
                 A         B        C        D         E       F
            +---------+---------+-------+---------+---------+-------
      Total |     134 |      50 |  27.2 |      40 |       8 |  16.7
            +---------+---------+-------+---------+---------+-------
        D:1 |      35 |       0 |   0.0 |      19 |       0 |   0.0
        D:2 |      19 |       0 |   0.0 |       4 |       0 |   0.0
        D:3 |      80 |      50 |  38.5 |      17 |       8 |  32.0
            +---------+---------+-------+---------+---------+-------

Illustrated notes

Table legend:
 A = Kills in this place as a percentage of kills in entire the game.
 B = Kills by you in this place as a percentage of kills by you in the entire game.
 C = Kills by friends in this place as a percentage of kills by friends in the entire game.
 D = Other kills in this place as a percentage of other kills in the entire game.
 E = Experience gained in this place as a percentage of experience gained in the entire game.
 F = Experience gained in this place divided by the number of levels of this place that you have seen.
                   A       B       C       D       E      F
               +-------+-------+-------+-------+-------+----------------------
         Total | 100.0 | 100.0 |   N/A |   N/A | 100.0 |  46.0
       Dungeon | 100.0 | 100.0 |   N/A |   N/A | 100.0 |  46.0
               +-------+-------+-------+-------+-------+----------------------

Table legend: (Time is in decaauts)
 A = Elapsed time spent in this place.
 B = Non-inter-level travel time spent in this place.
 C = Inter-level travel time spent in this place.
 D = Time resting spent in this place.
 E = Time spent auto-exploring this place.
 F = Levels seen in this place.
 G = Mean time per level.
                   A        B        C        D        E       F      G
               +--------+--------+--------+--------+--------+-----+--------+
         Total |   2171 |   2086 |     85 |      0 |   1721 |   4 |  542.8 |
       Dungeon |   2171 |   2086 |     85 |      0 |   1721 |   4 |  542.8 |
               +--------+--------+--------+--------+--------+-----+--------+

Top non-repeatable levels by time:
     D:3: 1427 daAuts
     D:1: 637 daAuts
     D:2: 84 daAuts
     D:4: 22 daAuts
